 Dungeon Crawl Stone Soup version 0.30-a0-390-g80c34de65d (webtiles) character file.

Game seed: 11746688016287242820

11321 mandarbmax the Fighter (level 11, 0/131 HPs)
             Began as an Ogre Transmuter on Nov 20, 2022.
             Was the Champion of Ru.
             Succumbed to a hornet's poison
             ... on level 10 of the Dungeon on Dec 4, 2022.
             The game lasted 00:37:41 (12946 turns).

mandarbmax the Fighter (Ogre Transmuter)           Turns: 12946, Time: 00:37:41

Health: 0/131      AC:  8    Str: 16    XL:     11   Next: 75%
Magic:  13/15      EV: 11    Int: 16    God:    Ru [******]
Gold:   490        SH:  0    Dex:  9    Spells: 7/16 levels left

rFire   . . .      SeeInvis .      - Unarmed
rCold   + . .      Faith    +    (shield unavailable)
rNeg    . . .      Spirit   .    f - +0 steam dragon scales
rPois   .          Reflect  .    x - +1 hat
rElec   .          Harm     .    r - +0 cloak
rCorr   .          Rampage  .    (gloves unavailable)
Will    +....                    (boots unavailable)
Stlth   +.........               m - amulet of faith
HPRegen 0.41/turn                (ring unavailable)
MPRegen 0.14/turn                h - ring of protection from cold

@: lethally poisoned (0 -> -11), wereblooded, unable to drink
A: large, unfitting armour, tough skin 1, inability to drink after injury 2,
missing a hand, inability to use devices, dopey 1
a: Renounce Religion, Draw Out Power, Power Leap, Apocalypse


You were on level 10 of the Dungeon.
You worshipped Ru.
Ru was exalted by your worship.
You visited 1 branch of the dungeon, and saw 10 of its levels.
You also visited: Sewer.

You collected 640 gold pieces.
You spent 150 gold pieces at shops.

Inventory:

Missiles
 t - 3 throwing nets
Armour
 f - +0 steam dragon scales (worn)
 r - a +0 cloak (worn)
 x - a +1 hat (worn)
Jewellery
 a - a +4 ring of slaying
 e - a ring of wizardry
 h - a ring of protection from cold (right hand)
 j - a ring of fire
 m - an amulet of faith (around neck)
 q - an amulet of reflection
 F - a ring of flight
 G - an amulet of guardian spirit
Wands
 v - a wand of charming (14)
 w - a wand of light (13)
 y - a wand of digging (2)
Scrolls
 c - 2 scrolls of vulnerability {unknown}
 d - 2 scrolls of silence
 g - a scroll of fear
 k - a scroll of poison
 l - 3 scrolls of amnesia
 n - 3 scrolls of enchant weapon
 p - 3 scrolls of teleportation
 B - 2 scrolls of fog
 C - 2 scrolls of magic mapping
 D - 2 scrolls of torment {unknown}
 E - 2 scrolls of brand weapon {unknown}
 I - 2 scrolls of immolation {unknown}
 J - a scroll of blinking
Potions
 b - 2 potions of lignification
 i - 3 potions of curing
 o - 4 potions of mutation
 s - a potion of magic
 u - 3 potions of attraction
 z - a potion of brilliance
 A - a potion of resistance
 H - a potion of ambrosia


   Skills:
 + Level 14.6 Fighting
 * Level 7.1 Dodging
 * Level 8.9 Unarmed Combat
 - Level 3.0 Spellcasting
 * Level 7.1 Transmutations
 * Level 2.5 Ice Magic


You had 7 spell levels left.
You knew the following spells:

 Your Spells              Type           Power      Damage    Failure   Level
a - Ice Form              Ice/Tmut       18%        N/A       26%         4
b - Wereblood             Tmut           25%        N/A       1%          2
c - Spider Form           Tmut/Pois      13%        N/A       13%         3

Your spell library contained the following spells:

 Spells                   Type           Power      Damage    Failure   Level
 Beastly Appendage        Tmut           50%        N/A       1%          1
 Iskenderun's Battlesphe  Conj           2%         2d6       99%         5
 Iron Shot                Conj/Erth      1%         9d1       100%        6
 Spellforged Servitor     Conj/Summ      1%         N/A       100%        7
 Borgnjor's Revivificati  Necr           1%         N/A       100%        8
 Necromutation            Tmut/Necr      6%         N/A       100%        8
 Death's Door             Necr           1%         N/A       100%        9


Dungeon Overview and Level Annotations

Branches:
Dungeon (10/15)            Temple (0/1) D:7             Orc (0/2) D:9
  Sewer (visited)
   Lair: D:8-11

Altars:
Dithmenos
Kikubaaqudgha
Nemelex Xobeh
Ru
Sif Muna
Trog
Xom
Yredelemnul
The Shining One

Shops:
D:1 [:   D:8 *

Annotations:
D:4 1 runed translucent door, GiantSquids's ghost, amateur GrEE


Innate Abilities, Weirdness & Mutations

You are too large for most types of armour.
You have tough skin. (AC +1)
You sometimes lose the ability to drink potions when taking damage.
You are missing a hand.
You cannot study or use magical devices.
You are dopey. (Int -2)


Message History

The orc priest looks braver for a moment.
You feel extremely sick. The hornet closely misses you.
You redirect the warg's attack!
The warg closely misses itself.
You feel very sick.
The hornet stops glowing.
You redirect the hornet's attack!
The hornet stings the warg.
The orc priest casts a cantrip, but nothing happens.
The hornet closely misses you.
You hit the hornet.
The hornet is severely wounded.
Your transformation has ended.
Your +0 cloak unmelds from your body.
Your +1 hat unmelds from your body.
Your +0 steam dragon scales unmelds from your body.
You feel yourself speed up.
You feel very sick. The hornet stings you!
* * * LOW HITPOINT WARNING * * *
You feel yourself slow down.
Unknown command.
You barely miss the hornet.
The hornet is almost dead.
You feel yourself speed up.
You feel sick. The hornet stings you.
* * * LOW HITPOINT WARNING * * *
You are lethally poisoned!
You feel yourself slow down. The hornet closely misses you.
As you read the scroll of fear, it crumbles to dust.
You assume a fearsome visage.
The warg looks frightened!
The orc priest easily resists.
The orc warrior looks frightened!
The hornet looks frightened!
You feel yourself speed up.
* * * LOW HITPOINT WARNING * * *
You feel very sick.
You feel a bit better.
You kill the hornet!
You completely miss the orc priest.
You die...

#># #.# . #.# ..#######
########.#### ........#
#...........# ...?....#
#...........# .....>..#
#...........# ......))####
#...........#
.....h†.o@.###...##...##.#
..#...o.##..##...#8...8#.#
##.######......##...##.# #
####...##...##.#
######...#### 8...8


You could see a warg (fleeing), an orc warrior (fleeing) and an orc priest.

Vanquished Creatures
  Amaemon (D:9)
  An orange demon (D:9)
  3 kobold demonologists (D:9)
  Maggie (D:9)
  Psyche (D:8)
  A freezing wraith (D:9)
  3 trolls (D:9)
  Grinder (D:6)
  A hornet (D:10)
  A slime creature (D:9)
  A tarantella (shapeshifter) (D:9)
  A shadow (D:9)
  A vampire (D:9)
  Eustachio (D:5)
  19 yaks
  A wyvern (D:8)
  Edmund (D:5)
  A warg (D:10)
  Menkaure (D:7)
  3 orc warriors (D:9)
  An ice beast (D:7)
  A hornet zombie (D:7)
  A sky beast (D:8)
  A black bear (D:5)
  4 ogres
  3 centaurs
  A phantom (D:5)
  5 bullfrogs
  9 kobold brigands
  A necrophage (D:5)
  4 gnoll sergeants (D:9)
  A scorpion (D:4)
  5 wights
  An electric eel (D:8)
  A howler monkey (D:7)
  3 orc priests
  4 hounds
  A gnoll bouda (D:7)
  Crazy Yiuf (D:3)
  Jessica (D:2)
  3 iguanas
  4 orc wizards
  A mummy (D:7)
  12 gnolls
  11 adders
  3 river rats (Sewer)
  A shadow imp (D:7)
  3 white imps
  An ufetubus (D:3)
  2 worms
  3 dart slugs
  22 orcs
  7 endoplasms
  2 giant cockroaches
  10 goblins
  7 hobgoblins
  16 jackals
  24 kobolds
  5 quokkas
  10 ball pythons
  6 bats
  8 frilled lizards
  10 rats
264 creatures vanquished.

Vanquished Creatures (others)
  A yak (D:8)
  An ogre (D:9)
  An orc (D:8)
  4 toadstools (D:1)
  2 withered plants (D:4)
9 creatures vanquished.

Grand Total: 273 creatures vanquished

Notes
Turn   | Place    | Note
-------+----------+-------------------------------------------
     0 | D:1      | mandarbmax the Ogre Transmuter began the quest for the Orb.
     0 | D:1      | Reached XP level 1. HP: 19/19 MP: 3/3
   122 | D:1      | Reached XP level 2. HP: 27/27 MP: 3/5
   136 | D:1      | Found Qugoz's Armour Boutique.
   263 | D:1      | Found a faded altar of an unknown god.
   286 | D:1      | Reached skill level 2 in Fighting
   468 | D:1      | Learned a level 2 spell: Wereblood
   473 | D:1      | Found Syaczid's Book Emporium.
   478 | D:1      | Reached XP level 3. HP: 31/35 MP: 5/7
   680 | D:2      | Learned a level 3 spell: Spider Form
   690 | D:2      | You fall into a shaft and drop 1 floor!
   705 | D:3      | Found a shimmering altar of Xom.
  1105 | D:2      | Noticed Jessica
  1110 | D:2      | Killed Jessica
  1111 | D:2      | Reached XP level 4. HP: 44/44 MP: 4/8
  1649 | D:2      | Reached skill level 3 in Fighting
  1649 | D:2      | Reached XP level 5. HP: 36/53 MP: 6/9
  3326 | D:3      | Found a runed translucent door.
  3327 | D:3      | Noticed Crazy Yiuf
  3425 | D:3      | Killed Crazy Yiuf
  3696 | D:4      | Found a glowing golden altar of the Shining One.
  3737 | D:4      | Reached XP level 6. HP: 62/62 MP: 4/10
  3838 | D:4      | Found a shimmering blue altar of Sif Muna.
  4009 | D:4      | Reached skill level 4 in Fighting
  4131 | D:4      | Found a shadowy altar of Dithmenos.
  4144 | D:4      | Found a runed translucent door.
  4144 | D:4      | Noticed GiantSquids's ghost (amateur GrEE)
  4335 | D:4      | Reached skill level 5 in Fighting
  4338 | D:4      | Reached XP level 7. HP: 55/72 MP: 4/11
  4354 | D:4      | Found a sparkling altar of Nemelex Xobeh.
  4965 | D:5      | Entered Level 5 of the Dungeon
  5011 | D:5      | Noticed Edmund
  5113 | D:5      | Killed Edmund
  5114 | D:5      | Reached skill level 5 in Unarmed Combat
  5135 | D:5      | Reached skill level 6 in Fighting
  5145 | D:5      | Found a glowing drain.
  5149 | Sewer    | Entered a sewer
  5888 | D:5      | Found a sacrificial altar of Ru.
  5896 | D:5      | Became a worshipper of Ru the Awakened
  6014 | D:5      | Noticed Eustachio
  6024 | D:5      | Killed Eustachio
  6025 | D:5      | Reached skill level 7 in Fighting
  6025 | D:5      | Reached XP level 8. HP: 65/87 MP: 7/12
  6405 | D:5      | Reached skill level 8 in Fighting
  6520 | D:5      | Found a bloodstained altar of Trog.
  6720 | D:6      | Noticed Grinder
  6732 | D:6      | Killed Grinder
  6733 | D:6      | Reached skill level 9 in Fighting
  6848 | D:6      | Identified the +2 hand axe "Zeatunef" {vorpal, rCorr Int-4
                  | SInv}
  6858 | D:6      | Reached skill level 10 in Fighting
  7609 | D:7      | Gained mutation: You cannot study or use magical devices.
                  | [Ru sacrifice]
  7609 | D:7      | Reached * piety under Ru
  7609 | D:7      | Reached ** piety under Ru
  7638 | D:7      | Reached XP level 9. HP: 97/102 MP: 10/13
  7677 | D:7      | Reached skill level 11 in Fighting
  7869 | D:7      | Found a basalt altar of Yredelemnul.
  7869 | D:7      | Noticed Menkaure
  7876 | D:7      | Found a transporter.
  7900 | D:7      | Found a transporter.
  7900 | D:7      | Found an ancient bone altar of Kikubaaqudgha.
  8220 | D:7      | Found a staircase to the Ecumenical Temple.
  8452 | D:7      | Killed Menkaure
  8611 | D:8      | Noticed Psyche
  8654 | D:8      | Upgraded the game from 0.30-a0-371-gad7725a93e to
                  | 0.30-a0-390-g80c34de65d
  8655 | D:8      | Gained mutation: You are dopey. (Int -2) [potion of
                  | mutation]
  8857 | D:8      | Killed Psyche
  8858 | D:8      | Reached skill level 5 in Transmutations
  9043 | D:8      | Reached XP level 10. HP: 99/114 MP: 2/14
  9380 | D:8      | Gained mutation: You occasionally lose the ability to drink
                  | potions when taking damage. [Ru sacrifice]
  9380 | D:8      | Gained mutation: You sometimes lose the ability to drink
                  | potions when taking damage. [Ru sacrifice]
  9380 | D:8      | Reached *** piety under Ru
  9380 | D:8      | Reached **** piety under Ru
  9394 | D:8      | Found Ipicugei's Assorted Antiques.
  9399 | D:8      | Bought a scroll labelled YRIER AZEIROH for 25 gold pieces
  9399 | D:8      | Bought a pearl ring for 125 gold pieces
  9436 | D:8      | Reached skill level 5 in Dodging
  9572 | D:8      | Reached skill level 12 in Fighting
 10190 | D:9      | Reached skill level 13 in Fighting
 10537 | D:9      | Reached skill level 14 in Fighting
 10795 | D:9      | Noticed a kobold demonologist
 10795 | D:9      | Noticed a kobold demonologist
 10796 | D:9      | Noticed a kobold demonologist
 10813 | D:9      | Reached XP level 11. HP: 115/129 MP: 8/15
 11233 | D:8      | Learned a level 4 spell: Ice Form
 11266 | D:9      | Noticed Amaemon
 11411 | D:9      | Killed Amaemon
 11624 | D:9      | Noticed Maggie
 11630 | D:9      | Killed Maggie
 11631 | D:9      | Reached skill level 1 in Ice Magic
 12333 | D:9      | Gained mutation: You are missing a hand. [Ru sacrifice]
 12333 | D:9      | Reached ***** piety under Ru
 12333 | D:9      | Reached ****** piety under Ru
 12729 | D:9      | Found a staircase to the Orcish Mines.
 12881 | D:10     | Entered Level 10 of the Dungeon
 12944 | D:10     | HP: 6/131 [hornet (6)]
 12945 | D:10     | HP: 1/131 [poisoned by a hornet]
 12946 | D:10     | Succumbed to a hornet's poison

Illustrated notes

Levels and vault maps discovered:
D:1:      ldierk_water_garden, layout_rooms, hellmonk_ecumenical_altar_zigzags,
          serial_shops, shop, nicolae_shop_stone, chequers_serial_rivers_large_b
D:2:      layout_loops_corners, hangedman_decor_push, minmay_small_reverse_x,
          uniq_jessica
D:3:      layout_loops_corners, mainiacjoe_overflow_24_doors,
          uniq_crazy_yiuf_cottage
D:4:      layout_loops_ring, nemelex_spade_bored_becter,
          mainiacjoe_overflow_catch_the_wave, nicolae_dithmenos_the_darkroom,
          gammafunk_ghost_grave
D:5:      layout_rooms, nicolae_ru_path_of_blood, trog_book,
          gup_sewer_entry_bowl, palyth_stone_intersect, minivault_23,
          uniq_edmund, uniq_eustachio
D:6:      layout_loops_ring, minmay_liquid_box, uniq_grinder
D:7:      layout_basic, gammafunk_temple_of_torment,
          minmay_temple_entry_glassed_door, small_statue_intersection
D:8:      layout_loops_ring, serial_shops, nicolae_shop_overgrown_old_shop,
          kennysheep_potato, uniq_psyche
D:9:      minmay_curly_fans, layout_loops_ring,
          kennysheep_orc_monster_closet_entryway, uniq_amaemon, uniq_maggie
D:10:     layout_roguey [special_room_orc], okawaru_gym_becter,
          erik_lair_orcish_takeover, special_room [special_room_bee],
          corexii_hall_statues_x, minivault_23, pond

Skill      XL: |  1  2  3  4  5  6  7  8  9 10 11 |
---------------+----------------------------------+-----
Transmutations | 2 3 4 5 6 7 |  7.1
Dodging        | 2 4 6 7 |  7.1
Fighting       | 2 3 5 7 10 11 14 | 14.6
Unarmed Combat | 3 4 6 7 8 |  8.9
Spellcasting   | 3 |  3.0
Ice Magic      | 2 |  2.5

Action                   |  1- 3 |  4- 6 |  7- 9 | 10-12 || total
-------------------------+-------+-------+-------+-------++-------
Melee: Unarmed           |    97 |   163 |   276 |   363 ||   899
       Kick              |     9 |    14 |       |       ||    23
       Headbutt          |    18 |     8 |       |       ||    26
       Punch             |     2 |       |     1 |     1 ||     4
 Cast: Beastly Appendage |    27 |    23 |     1 |       ||    51
       Wereblood         |     3 |    14 |    13 |    28 ||    58
       Spider Form       |       |    18 |    41 |    34 ||    93
       Ice Form          |       |       |       |     5 ||     5
Invok: Sacrifice Artific |       |       |     1 |       ||     1
       Draw Out Power    |       |       |       |     1 ||     1
       Sacrifice Drink   |       |       |       |     1 ||     1
       Sacrifice a Hand  |       |       |       |     1 ||     1
  Use: Scroll            |       |       |    14 |     5 ||    19
       Potion            |       |       |    11 |     1 ||    12
 Stab: Invisible         |       |       |     6 |     2 ||     8
       Paralysed         |       |       |       |     5 ||     5
Armor: Robe              |    38 |    16 |    15 |     3 ||    72
       Skin              |       |     5 |     8 |     9 ||    22
       Steam dragon scal |       |       |       |     2 ||     2
Dodge: Dodged            |    62 |   112 |   199 |   260 ||   633

Table legend: (Time is in decaauts)
 A = Elapsed time spent in this place.
 B = Non-inter-level travel time spent in this place.
 C = Inter-level travel time spent in this place.
 D = Time resting spent in this place.
 E = Time spent auto-exploring this place.
 F = Levels seen in this place.
 G = Mean time per level.
                   A        B        C        D        E       F      G
               +--------+--------+--------+--------+--------+-----+--------+
         Total |  12939 |  12585 |    354 |   1952 |   8267 |  11 | 1176.3 |
       Dungeon |  12191 |  11837 |    354 |   1734 |   7879 |  10 | 1219.1 |
         Sewer |    748 |    748 |      0 |    218 |    387 |   1 |  748.0 |
               +--------+--------+--------+--------+--------+-----+--------+

Top non-repeatable levels by time:
     D:9: 2189 daAuts
     D:8: 2038 daAuts
     D:3: 1551 daAuts
     D:4: 1514 daAuts
     D:2: 1316 daAuts
     D:7: 1118 daAuts
     D:5: 929 daAuts
     D:6: 773 daAuts
   Sewer: 748 daAuts
     D:1: 696 daAuts
    D:10: 64 daAuts
